 Dungeon Crawl Stone Soup version 0.30-a0-568-g124715a40b (webtiles) character file.

Game seed: 3599388590757077094

19 cforsyth the Conjurer (level 2, -4/20 HPs)
             Began as a Draconian Conjurer on Dec 29, 2022.
             Killed by nerve-wracking pain
             ... invoked by Jessica
              (13 damage)
             ... on level 2 of the Dungeon.
             The game lasted 00:02:11 (1376 turns).

cforsyth the Conjurer (Draconian Conjurer)          Turns: 1376, Time: 00:02:12

Health: -4/20      AC:  4    Str:  9    XL:     2   Next: 55%
Magic:  1/5        EV: 12    Int: 18    God:
Gold:   76         SH:  0    Dex:  9    Spells: 5/6 levels left

rFire   . . .      SeeInvis .    (no weapon)
rCold   . . .      Faith    .    (no shield)
rNeg    . . .      Spirit   .    (body armour unavailable)
rPois   .          Reflect  .    (helmet restricted)
rElec   .          Harm     .    (no cloak)
rCorr   .          Rampage  .    (no gloves)
Will    .....                    (no boots)
Stlth   ++                       (no amulet)
HPRegen 0.23/turn                (no ring)
MPRegen 0.09/turn                (no ring)

@: no status effects
A: AC +4, unfitting armour, cold-blooded
a: no special abilities


You were on level 2 of the Dungeon.
You visited 1 branch of the dungeon, and saw 2 of its levels.

You collected 76 gold pieces.

Inventory:

Scrolls
 b - 2 scrolls of blinking
 d - a scroll of enchant armour {unknown}
 f - a scroll of butterflies {unknown}
Potions
 a - a potion of magic
 c - a potion of curing
 e - a potion of might
 g - a potion of lignification {unknown}


   Skills:
 - Level 1.7 Dodging
 - Level 1.7 Stealth
 + Level 2.5 Spellcasting
 + Level 4.3 Conjurations


You had 5 spell levels left.
You knew the following spells:

 Your Spells              Type           Power      Damage    Failure   Level
a - Magic Dart            Conj           72%        1d6       2%          1

Your spell library contained the following spells:

 Spells                   Type           Power      Damage    Failure   Level
 Searing Ray              Conj           36%        2d5       4%          2
 Freeze                   Ice            8%         1d3       17%         1
 Dazzling Flash           Conj/Hex       20%        N/A       21%         3
 Hailstorm                Conj/Ice       10%        3d5       21%         3
 Frozen Ramparts          Ice            4%         1d1       45%         3
 Gell's Gravitas          Tloc           2%         N/A       45%         3
 Lesser Beckoning         Tloc           4%         N/A       45%         3
 Teleport Other           Tloc           2%         N/A       45%         3
 Fulminant Prism          Conj/Hex       5%         3d6       56%         4
 Iskenderun's Mystic Bla  Conj/Tloc      10%        2d4       56%         4


Dungeon Overview and Level Annotations

Branches:
Dungeon (2/15)

Altars:

Annotations:
D:2 Jessica, Natasha


Innate Abilities, Weirdness & Mutations

Your plain brown scales are hard. (AC +4)
You cannot fit into any form of body armour.
You are cold-blooded and may be slowed by cold attacks.


Message History

You pick up a book of Frost and begin reading...
You add the spells Freeze, Frozen Ramparts and Hailstorm to your library.
Jessica and a frilled lizard come into view.
Jessica shouts!
You hear an angry hiss.
Jessica points at you and mumbles some strange words.
Pain shoots through your body!
There are monsters nearby!
There are monsters nearby!
The magic dart hits Jessica.
Jessica is moderately wounded.
The frilled lizard hisses angrily.
The magic dart hits Jessica.
Jessica is severely wounded.
Jessica casts a spell.
Jessica blinks!
Natasha, Servant of Life and Death comes into view.
The magic dart hits the frilled lizard.
You kill the frilled lizard!
The magic dart hits Natasha.
Natasha is heavily wounded.
The magic dart hits Jessica.
Jessica is almost dead.
You are out of magic!
You are out of magic!
You are out of magic!
You are out of magic!
You aren't carrying any items that you can evoke.
Unknown command.
Jessica points at you and mumbles some strange words.
Pain shoots through your body! Natasha casts a spell at you.
The magic dart hits you!
* * * LOW HITPOINT WARNING * * *
Unknown command.
Unknown command.
Natasha mumbles some strange words.
Jessica casts a spell at you. Pain shoots through your body!
Ouch! That really hurt!
You die...

......##........#.....######.##
.......#..........# #.#
........#.##.....## #.#
..............##.###########.##
...†......h@...................
..........##..####.########..##
.......5..##..## #.#### ###..#
.......h@###...# #....# #....#
........## #.#@# ####.###...###
.........###.#..# #...#...###
..........@..##.# ###.#...##.
................# #.#...#..
........##...#... #.#...#..
........###>....#.#####........
......#.# #.#..........#......
######... .# #........##...##
... # #........#......


You could see Jessica.

Vanquished Creatures
  3 goblins
  2 hobgoblins
  A quokka (D:1)
  3 ball pythons
  3 bats
  A frilled lizard (D:2)
  4 kobolds
  3 rats (D:2)
20 creatures vanquished.

Notes
Turn   | Place    | Note
-------+----------+-------------------------------------------
     0 | D:1      | cforsyth the Draconian Conjurer began the quest for the
                  | Orb.
     0 | D:1      | Reached XP level 1. HP: 14/14 MP: 3/3
   380 | D:1      | Reached XP level 2. HP: 20/20 MP: 3/5
  1360 | D:2      | Noticed Jessica
  1362 | D:2      | Noticed Natasha
  1376 | D:2      | Killed from afar by Jessica

Illustrated notes

Levels and vault maps discovered:
D:1:      minmay_arrival_checkered_box, layout_loops_ring
D:2:      layout_rooms, uniq_natasha, uniq_jessica

Action                   || total
-------------------------++-------
Melee: Unarmed           ||    31
       Tailslap          ||     1
 Cast: Magic Dart        ||    40
  Use: Scroll            ||     3
Armor: Skin              ||    20
Dodge: Dodged            ||    28

Table legend: (Time is in decaauts)
 A = Elapsed time spent in this place.
 B = Non-inter-level travel time spent in this place.
 C = Inter-level travel time spent in this place.
 D = Time resting spent in this place.
 E = Time spent auto-exploring this place.
 F = Levels seen in this place.
 G = Mean time per level.
                   A        B        C        D        E       F      G
               +--------+--------+--------+--------+--------+-----+--------+
         Total |   1376 |   1365 |     11 |    248 |    945 |   2 |  688.0 |
       Dungeon |   1376 |   1365 |     11 |    248 |    945 |   2 |  688.0 |
               +--------+--------+--------+--------+--------+-----+--------+

Top non-repeatable levels by time:
     D:1: 1098 daAuts
     D:2: 277 daAuts
